| TOP OF THE 1ST |
|
Fresno Grizzlies batting - Pitching for Omaha Storm Chasers : LHP John Brooks
|
|
Pitching: LHP John Brooks
|
|
|
Batting: LHB Danny Wolver
|
0-0: Ball 1-0: Foul Ball, location: 2F 1-1: Ground out 5-3 (Groundball, 15, EV 89.4 MPH)
|
|
Batting: RHB Bryan Peterson
|
0-0: Ball 1-0: Fly out, F6 (Popup, 15, EV 78.1 MPH)
|
|
Batting: LHB Josh Birkner
|
0-0: Ball 1-0: Ball 2-0: Called Strike 2-1: Foul Ball, location: 2F 2-2: Ground out 4-3 (Groundball, 4, EV 105.6 MPH)
|
| Top of the 1st over - 0 runs, 0 hits, 0 errors, 0 left on base; Fresno 0 - Omaha 0 |
| BOTTOM OF THE 1ST |
|
Omaha Storm Chasers batting - Pitching for Fresno Grizzlies : RHP Andy Montelongo
|
|
Pitching: RHP Andy Montelongo
|
|
|
Batting: RHB Yuichi Takata
|
0-0: Ball 1-0: Ball 2-0: Fly out, F8 (Flyball, 8LD, EV 78.1 MPH)
|
|
Batting: SHB Ryoji Hiraoka
|
0-0: SINGLE (Groundball, 34D, EV 109.4 MPH)
|
|
Batting: LHB Bill Baconneck
|
0-0: Called Strike 0-1: Called Strike 0-2: Ball 1-2: Foul Ball, location: 2F 1-2: Strikes out swinging
|
|
Batting: RHB Kazuki Arai
|
0-0: SINGLE (Groundball, 4MD, EV 100.0 MPH) Ryoji Hiraoka to second Runner from 2nd tries for 3rd, OUT after rundown.
|
| Bottom of the 1st over - 0 runs, 2 hits, 0 errors, 1 left on base; Fresno 0 - Omaha 0 |
| TOP OF THE 2ND |
|
Fresno Grizzlies batting - Pitching for Omaha Storm Chasers : LHP John Brooks
|
|
Batting: RHB Ramon Castellon
|
0-0: Ball 1-0: Ball 2-0: Ball 3-0: Called Strike 3-1: Base on Balls
|
|
Batting: RHB Sam Spohn
|
0-0: Foul Ball, location: 2F 0-1: Grounds into double play, 5-4-3 (Groundball, 56D, EV 83.1 MPH)
|
|
Batting: LHB Mark Dearth
|
0-0: Called Strike 0-1: Swinging Strike 0-2: Ball 1-2: Foul Ball, location: 2F 1-2: Foul Ball, location: 2F 1-2: Fly out, F9 (Flyball, 89S, EV 90.6 MPH)
|
| Top of the 2nd over - 0 runs, 0 hits, 0 errors, 0 left on base; Fresno 0 - Omaha 0 |
| BOTTOM OF THE 2ND |
|
Omaha Storm Chasers batting - Pitching for Fresno Grizzlies : RHP Andy Montelongo
|
|
Batting: RHB Taisei Fujii
|
0-0: Called Strike 0-1: Ball 1-1: SINGLE (Groundball, 56D, EV 105.0 MPH)
|
|
Batting: RHB Ken Postlethwaite
|
0-0: Ball 1-0: Foul Ball, location: 2F 1-1: Called Strike Taisei Fujii steals 2nd, throwing error, E2 Taisei Fujii to third 1-2: DOUBLE (Flyball, 89XD, EV 106.2 MPH) Taisei Fujii scores
|
|
Batting: SHB Mike Williams
|
0-0: Called Strike 0-1: Ground out 6-3 (Groundball, 6, EV 93.1 MPH) Ken Postlethwaite to third
|
|
Batting: SHB Arturo Baez
|
0-0: Swinging Strike 0-1: Swinging Strike 0-2: Strikes out swinging
|
|
Batting: RHB Justin Goff
|
0-0: Called Strike 0-1: Ball 1-1: SINGLE (Line Drive, 56, EV 99.4 MPH) Ken Postlethwaite scores
|
|
Batting: RHB Yuichi Takata
|
0-0: Ball 1-0: Foul Ball, location: 2F 1-1: Ball 2-1: Ball 3-1: Foul Ball, location: 2F 3-2: Foul Ball, location: 2F 3-2: Strikes out swinging
|
| Bottom of the 2nd over - 2 runs, 3 hits, 1 error, 1 left on base; Fresno 0 - Omaha 2 |
| TOP OF THE 3RD |
|
Fresno Grizzlies batting - Pitching for Omaha Storm Chasers : LHP John Brooks
|
|
Batting: RHB Nick Deegan
|
0-0: SINGLE (Line Drive, 78M, EV 90.6 MPH)
|
|
Batting: RHB Edgar Trejo
|
0-0: Called Strike 0-1: Ball 1-1: Ball 2-1: Foul Ball, location: 2F 2-2: Strikes out swinging
|
|
Batting: LHB Bob Govella
|
0-0: Called Strike 0-1: Foul Ball, location: 2F 0-2: SINGLE (Line Drive, 4MD, EV 102.5 MPH) Nick Deegan to second
|
|
Batting: LHB Danny Wolver
|
0-0: Fielders Choice at 2nd, 5-4 (Groundball, 56S, EV 85.6 MPH) Nick Deegan to third
|
|
Batting: RHB Bryan Peterson
|
0-0: Ball 1-0: Foul Ball, location: 2F 1-1: Swinging Strike 1-2: Fielders Choice at 2nd, 6-4 (Groundball, 6, EV 103.1 MPH)
|
| Top of the 3rd over - 0 runs, 2 hits, 0 errors, 2 left on base; Fresno 0 - Omaha 2 |
| BOTTOM OF THE 3RD |
|
Omaha Storm Chasers batting - Pitching for Fresno Grizzlies : RHP Andy Montelongo
|
|
Batting: SHB Ryoji Hiraoka
|
0-0: Called Strike 0-1: Ball 1-1: Ball 2-1: Swinging Strike 2-2: Strikes out looking
|
|
Batting: LHB Bill Baconneck
|
0-0: Called Strike 0-1: Ball 1-1: Swinging Strike 1-2: Foul Ball, location: 2F 1-2: Ball 2-2: Foul Ball, location: 2F 2-2: Strikes out swinging
|
|
Batting: RHB Kazuki Arai
|
0-0: Swinging Strike 0-1: Foul Ball, location: 2F 0-2: Ball 1-2: Foul Ball, location: 2F 1-2: Strikes out swinging
|
| Bottom of the 3rd over - 0 runs, 0 hits, 0 errors, 0 left on base; Fresno 0 - Omaha 2 |
| TOP OF THE 4TH |
|
Fresno Grizzlies batting - Pitching for Omaha Storm Chasers : LHP John Brooks
|
|
Batting: LHB Josh Birkner
|
0-0: Ball 1-0: Hit by Pitch
|
|
Batting: RHB Ramon Castellon
|
0-0: Called Strike 0-1: Ball 1-1: Swinging Strike 1-2: Ball 2-2: Strikes out looking
|
|
Batting: RHB Sam Spohn
|
0-0: Ball 1-0: Fly out, F4 (Popup, 4S, EV 74.4 MPH)
|
|
Batting: LHB Mark Dearth
|
0-0: Called Strike 0-1: Called Strike 0-2: Ball 1-2: Ball 2-2: Strikes out swinging
|
| Top of the 4th over - 0 runs, 0 hits, 0 errors, 1 left on base; Fresno 0 - Omaha 2 |
| BOTTOM OF THE 4TH |
|
Omaha Storm Chasers batting - Pitching for Fresno Grizzlies : RHP Andy Montelongo
|
|
Batting: RHB Taisei Fujii
|
0-0: Foul Ball, location: 2F 0-1: Ball 1-1: Foul Ball, location: 2F 1-2: Fly out, F7 (Flyball, 78S, EV 84.4 MPH)
|
|
Batting: RHB Ken Postlethwaite
|
0-0: Foul Ball, location: 2F 0-1: Ball 1-1: Ball 2-1: Called Strike 2-2: Ball 3-2: Base on Balls
|
|
Batting: SHB Mike Williams
|
0-0: Called Strike 0-1: SINGLE (Line Drive, 4D, EV 101.9 MPH) Ken Postlethwaite to second
|
|
Batting: SHB Arturo Baez
|
0-0: Called Strike 0-1: Ball 1-1: Ball 2-1: Fielders Choice at 2nd, 5-4 (Groundball, 5D, EV 96.2 MPH) Ken Postlethwaite to third
|
|
Batting: RHB Justin Goff
|
0-0: Ball 1-0: Called Strike 1-1: Ball 2-1: SINGLE (Groundball, 6MD, EV 102.5 MPH) Ken Postlethwaite scores Arturo Baez to second Runner from 2nd tries for 3rd, SAFE, throw by CF made to third
|
|
Batting: RHB Yuichi Takata
|
0-0: Reached on error, E5 (Groundball, 56, EV 106.9 MPH) Arturo Baez scores Justin Goff to second
|
|
Batting: SHB Ryoji Hiraoka
|
0-0: Called Strike 0-1: Foul Ball, location: 2F 0-2: Foul Ball, location: 2F 0-2: SINGLE (Line Drive, 34D, EV 106.9 MPH) Justin Goff to third Yuichi Takata to second Runner from 3rd tries for Home, SAFE, throw by RF to home Yuichi Takata to third Ryoji Hiraoka to second
|
|
Pitching: RHP Jorge Aguilar
|
|
|
Batting: LHB Bill Baconneck
|
0-0: Ball 1-0: Called Strike 1-1: Foul Ball, location: 2F 1-2: Ball 2-2: Fly out, F8 (Flyball, 8LD, EV 88.8 MPH)
|
| Bottom of the 4th over - 3 runs, 3 hits, 1 error, 2 left on base; Fresno 0 - Omaha 5 |
| TOP OF THE 5TH |
|
Fresno Grizzlies batting - Pitching for Omaha Storm Chasers : LHP John Brooks
|
|
Batting: RHB Nick Deegan
|
0-0: Foul Ball, location: 2F 0-1: Ball 1-1: Fly out, F8 (Flyball, 8LD, EV 82.5 MPH)
|
|
Batting: RHB Edgar Trejo
|
0-0: Ball 1-0: Ball 2-0: Ground out 1-3 (Groundball, 25, EV 72.5 MPH)
|
|
Batting: LHB Bob Govella
|
0-0: Ball 1-0: Called Strike 1-1: SINGLE (Line Drive, 7LM, EV 88.8 MPH)
|
|
Batting: LHB Danny Wolver
|
0-0: Called Strike 0-1: Foul Ball, location: 2F 0-2: Fly out, F9 (Flyball, 9D, EV 95.0 MPH)
|
| Top of the 5th over - 0 runs, 1 hit, 0 errors, 1 left on base; Fresno 0 - Omaha 5 |
| BOTTOM OF THE 5TH |
|
Omaha Storm Chasers batting - Pitching for Fresno Grizzlies : RHP Jorge Aguilar
|
|
Batting: RHB Kazuki Arai
|
0-0: Ball 1-0: Reached on error, E6 (Groundball, 6, EV 100.0 MPH)
|
|
Batting: RHB Taisei Fujii
|
0-0: Ball 1-0: Fly out, F9 (Flyball, 9S, EV 86.2 MPH)
|
|
Batting: RHB Ken Postlethwaite
|
0-0: Ball 1-0: Ball 2-0: Swinging Strike 2-1: Swinging Strike 2-2: Strikes out swinging
|
|
Batting: SHB Mike Williams
|
0-0: Ball 1-0: Ball 2-0: Fly out, F7 (Flyball, 78S, EV 91.9 MPH)
|
| Bottom of the 5th over - 0 runs, 0 hits, 1 error, 1 left on base; Fresno 0 - Omaha 5 |
| TOP OF THE 6TH |
|
Fresno Grizzlies batting - Pitching for Omaha Storm Chasers : LHP John Brooks
|
|
Batting: RHB Bryan Peterson
|
0-0: Swinging Strike 0-1: Swinging Strike 0-2: Ball 1-2: Foul Ball, location: 2F 1-2: Ground out 4-3 (Groundball, 34, EV 105.0 MPH)
|
|
Batting: LHB Josh Birkner
|
0-0: Called Strike 0-1: Ground out 6-3 (Groundball, 4M, EV 85.0 MPH)
|
|
Batting: RHB Ramon Castellon
|
0-0: Called Strike 0-1: Swinging Strike 0-2: Strikes out swinging
|
| Top of the 6th over - 0 runs, 0 hits, 0 errors, 0 left on base; Fresno 0 - Omaha 5 |
| BOTTOM OF THE 6TH |
|
Omaha Storm Chasers batting - Pitching for Fresno Grizzlies : RHP Jorge Aguilar
|
|
Batting: SHB Arturo Baez
|
0-0: Ball 1-0: Ball 2-0: Called Strike 2-1: Foul Ball, location: 2F 2-2: Ball 3-2: Base on Balls
|
|
Batting: RHB Justin Goff
|
0-0: Called Strike 0-1: Foul Ball, location: 2F 0-2: Strikes out swinging
|
|
Batting: RHB Yuichi Takata
|
0-0: Ball 1-0: Grounds into double play, 4-6-3 (Groundball, 4, EV 103.8 MPH)
|
| Bottom of the 6th over - 0 runs, 0 hits, 0 errors, 0 left on base; Fresno 0 - Omaha 5 |
| TOP OF THE 7TH |
|
Fresno Grizzlies batting - Pitching for Omaha Storm Chasers : LHP John Brooks
|
|
Batting: RHB Sam Spohn
|
0-0: Called Strike 0-1: Swinging Strike 0-2: Ball 1-2: Ball 2-2: Foul Ball, location: 2F 2-2: Strikes out swinging
|
|
Batting: LHB Mark Dearth
|
0-0: Ball 1-0: Called Strike 1-1: Ground out 3-1 (Groundball, 34, EV 100.6 MPH)
|
|
Batting: RHB Nick Deegan
|
0-0: Ball 1-0: Ground out 6-3 (Groundball, 6M, EV 103.1 MPH)
|
| Top of the 7th over - 0 runs, 0 hits, 0 errors, 0 left on base; Fresno 0 - Omaha 5 |
| BOTTOM OF THE 7TH |
|
Omaha Storm Chasers batting - Pitching for Fresno Grizzlies : RHP Jorge Aguilar
|
|
Batting: SHB Ryoji Hiraoka
|
0-0: Ball 1-0: Called Strike 1-1: Called Strike 1-2: Foul Ball, location: 2F 1-2: Strikes out swinging
|
|
Batting: LHB Bill Baconneck
|
0-0: Foul Ball, location: 2F 0-1: Ball 1-1: Ball 2-1: Ball 3-1: Foul Ball, location: 2F 3-2: SINGLE (Line Drive, 7S, EV 90.6 MPH)
|
|
Batting: RHB Kazuki Arai
|
0-0: Called Strike 0-1: Ball 1-1: Ball 2-1: SINGLE (Line Drive, 78S, EV 88.8 MPH) Bill Baconneck to second
|
|
Batting: RHB Taisei Fujii
|
0-0: Ball 1-0: Called Strike 1-1: Foul Ball, location: 2F 1-2: Ball 2-2: Strikes out swinging
|
|
Batting: RHB Ken Postlethwaite
|
0-0: Foul Ball, location: 2F 0-1: Ball 1-1: SINGLE (Groundball, 56D, EV 106.9 MPH) Bill Baconneck to third Kazuki Arai to second Runner from 3rd tries for Home, SAFE, throw by LF to home
|
|
Batting: SHB Mike Williams
|
0-0: Swinging Strike 0-1: Called Strike 0-2: Ball 1-2: Fly out, F9 (Flyball, 89D, EV 105.0 MPH)
|
| Bottom of the 7th over - 1 run, 3 hits, 0 errors, 2 left on base; Fresno 0 - Omaha 6 |
| TOP OF THE 8TH |
|
Fresno Grizzlies batting - Pitching for Omaha Storm Chasers : LHP John Brooks
|
|
Batting: RHB Edgar Trejo
|
0-0: Ball 1-0: Fly out, F8 (Line Drive, 78M, EV 95.0 MPH)
|
|
Batting: LHB Bob Govella
|
0-0: Ball 1-0: Ground out 3-1 (Groundball, 34S, EV 86.9 MPH)
|
|
Batting: LHB Danny Wolver
|
0-0: Ball 1-0: Ball 2-0: Foul Ball, location: 2F 2-1: Foul Ball, location: 2F 2-2: Strikes out swinging
|
| Top of the 8th over - 0 runs, 0 hits, 0 errors, 0 left on base; Fresno 0 - Omaha 6 |
| BOTTOM OF THE 8TH |
|
Omaha Storm Chasers batting - Pitching for Fresno Grizzlies : RHP Jorge Aguilar
|
|
Batting: SHB Arturo Baez
|
0-0: Ball 1-0: Ball 2-0: Called Strike 2-1: Called Strike 2-2: Strikes out swinging
|
|
Batting: RHB Justin Goff
|
0-0: Ball 1-0: Foul Ball, location: 2F 1-1: Foul Ball, location: 2F 1-2: Reached on error, E3 (Groundball, 34S, EV 95.0 MPH)
|
|
Batting: RHB Yuichi Takata
|
0-0: Foul Ball, location: 2F 0-1: Foul Ball, location: 2F 0-2: Ball 1-2: Ball 2-2: Ball 3-2: SINGLE (Groundball, 34S, EV 65.6 MPH) (infield hit) Justin Goff to second
|
|
Pitching: RHP Robin Yelland
|
|
|
Batting: SHB Ryoji Hiraoka
|
0-0: Swinging Strike 0-1: Swinging Strike 0-2: Strikes out swinging
|
|
Batting: LHB Bill Baconneck
|
0-0: Foul Ball, location: 2F 0-1: Ball 1-1: Fly out, F8 (Flyball, 8LD, EV 98.8 MPH)
|
| Bottom of the 8th over - 0 runs, 1 hit, 1 error, 2 left on base; Fresno 0 - Omaha 6 |
| TOP OF THE 9TH |
|
Fresno Grizzlies batting - Pitching for Omaha Storm Chasers : LHP John Brooks
|
|
Batting: RHB Bryan Peterson
|
0-0: Fly out, F8 (Flyball, 8RD, EV 91.2 MPH)
|
|
Batting: LHB Josh Birkner
|
0-0: Foul Ball, location: 2F 0-1: Foul Ball, location: 2F 0-2: Strikes out swinging
|
|
Batting: RHB Ramon Castellon
|
0-0: Ball 1-0: SINGLE (Line Drive, 4MD, EV 104.4 MPH)
|
|
Batting: RHB Sam Spohn
|
0-0: Ball 1-0: Ball 2-0: Ball 3-0: Called Strike 3-1: Foul Ball, location: 2F 3-2: Base on Balls Ramon Castellon to second
|
|
Batting: LHB Mark Dearth
|
0-0: Foul Ball, location: 2F 0-1: Ball 1-1: Ground out 4-3 (Groundball, 4, EV 85.6 MPH)
|
| Top of the 9th over - 0 runs, 1 hit, 0 errors, 2 left on base; Fresno 0 - Omaha 6 |
|